 Dungeon Crawl Stone Soup version 0.21-a0-584-g185da8e (webtiles) character file.

8785 TheGoonsmith the Cleaver (level 11, -3/83 HPs)
             Began as a Demonspawn Berserker on Dec 20, 2017.
             Was a High Priest of Trog.
             Slain by an ice beast (6 damage)
             ... while paralysed
             ... in an ice cave.
             The game lasted 00:19:46 (10057 turns).

TheGoonsmith the Cleaver (Demonspawn Berserker)    Turns: 10057, Time: 00:19:46

Health: -3/83      AC: 14    Str: 21    XL:     11   Next: 14%
Magic:  11/11      EV:  2    Int:  8    God:    Trog [*****.]
Gold:   141        SH:  0    Dex: 17    Spells: 10/10 levels left

rFire    . . .     SeeInvis .   a - +0 battleaxe
rCold    . . .     Gourm    .   (shield currently unavailable)
rNeg     . . .     Faith    .   q - +1 chain mail
rPois    +         Spirit   .   u - +2 helmet
rElec    .         Reflect  .   (no cloak)
rCorr    .         Harm     .   (no gloves)
MR       ++...                  (no boots)
Stlth    ..........             (no amulet)
HPRegen  1.23/turn              y - +2 ring of evasion
MPRegen  0.12/turn              A - ring of poison resistance

@: paralysed, berserk cooldown, regenerating, slowed
A: claws 2, thin skeletal structure 2, powered by pain 2, spiny 1
a: Berserk, Trog's Hand, Brothers in Arms, Burn Spellbooks, Renounce Religion


You were in an ice cave.
You worshipped Trog.
Trog was extremely pleased with you.
You were not hungry.

You visited 2 branches of the dungeon, and saw 10 of its levels.
You also visited: Ice Cave.

You collected 493 gold pieces.
You spent 352 gold pieces at shops.

Inventory:

Hand Weapons
 a - a +0 battleaxe (weapon)
 b - a +0 hunting sling of velocity
 s - a +0 hunting sling
 C - a +1 hand axe
Missiles
 e - 101 sling bullets
 o - 196 stones (quivered)
Armour
 q - a +1 chain mail (worn)
 u - a +2 helmet (worn)
Jewellery
 t - an uncursed ring of protection from fire
 w - an uncursed amulet of magic regeneration {unknown}
 y - a +2 ring of evasion (left claw)
 A - a ring of poison resistance (right claw)
 I - an uncursed ring of fire {unknown}
Wands
 p - a wand of flame (27)
 v - a wand of acid (9)
 z - a wand of disintegration (9)
 G - a wand of iceblast (12)
Scrolls
 d - 8 scrolls of teleportation
 f - a scroll of fear
 j - a scroll of magic mapping
 k - 3 scrolls of remove curse
 r - 5 scrolls of identify
 H - a scroll of enchant armour
Potions
 g - 3 potions of magic
 h - 5 potions of heal wounds
 i - 4 potions of might
 l - a potion of haste {unknown}
 m - a potion of ambrosia {unknown}
 n - 3 potions of curing
 x - a potion of berserk rage {unknown}
 B - 2 potions of flight
 D - a potion of invisibility
 E - 2 potions of mutation
 F - 2 potions of degeneration
Comestibles
 c - 19 rations
 J - 5 chunks of flesh


   Skills:
 + Level 6.8 Fighting
 + Level 11.5 Axes
 + Level 7.2 Slings
 + Level 5.9 Armour
 + Level 3.3 Dodging


You had 10 spell levels left.
You didn't know any spells.

Dungeon Overview and Level Annotations

Branches:
Dungeon (9/15)             Temple (0/1) D:6            Lair (1/6) D:9
    Orc: D:9-12

Altars:
Ashenzari
Dithmenos
Nemelex Xobeh
Okawaru
Ru
Sif Muna
Wu Jian
Zin

Shops:
D:8 !*

Annotations:
IceCv MatthieuS's ghost, journeyman DrWn


Innate Abilities, Weirdness & Mutations

You have very sharp fingernails.
You have a moderately thin skeletal structure. (Dex +4, Stealth+)
You sometimes gain power by taking damage.
You are partially covered in sharp spines.


Message History

MatthieuS's ghost is struck by your spines.
MatthieuS's ghost misses you.
You feel a strong urge to attack something.
You are no longer berserk.
You pass out from exhaustion.
You feel yourself slow down.
MatthieuS's ghost is struck by your spines.
MatthieuS's ghost hits you.
* * * LOW HITPOINT WARNING * * *
The ice beast is struck by your spines.
The ice beast hits you but does no damage.
MatthieuS's ghost is struck by your spines.
MatthieuS's ghost hits you but does no damage.
The ice beast hits you but does no damage.
MatthieuS's ghost is struck by your spines.
MatthieuS's ghost hits you but does no damage.
The ice beast hits you.
* * * LOW HITPOINT WARNING * * *
The ice beast freezes you.
You die...

.... ....
... ###.###
##.....##
##.......##
#....∩....#
#...Y.....#
#..@W.....#
#....∩....#
#.........#
###########


You could see an ice beast and MatthieuS's ghost.

Vanquished Creatures
  3 two-headed ogres
  Joseph (D:7)
  A troll (D:9)
  2 hornets (D:8)
  3 hippogriffs
  The ghost of InnerFear the Slasher, an amateur HuGl (D:3)
  A water moccasin (D:9)
  2 hell hounds (D:9)
  A soldier ant (D:8)
  Duvessa (D:7)
  A porcupine (Lair:1)
  2 orc warriors
  7 ice beasts
  2 black bears
  3 phantoms
  A hornet zombie (D:5)
  A necrophage (D:5)
  4 ogres
  6 centaurs
  A gnoll sergeant (D:8)
  Dowan (D:7)
  5 bullfrogs
  A scorpion (D:7)
  8 killer bees
  2 howler monkeys (D:6)
  An electric eel (D:9)
  7 crimson imps
  A centaur skeleton (D:9)
  2 centaur zombies
  2 hounds
  2 quasits (D:9)
  An orc priest (D:3)
  3 jellies
  4 iguanas
  8 orc wizards
  Terence (D:2)
  Natasha (thrice) (D:2)
  3 worker ants
  A killer bee zombie (D:8)
  A hound skeleton (D:6)
  Robin (D:4)
  A howler monkey zombie (D:8)
  8 adders
  8 gnolls
  4 shadow imps
  5 oozes
  2 adder skeletons (D:4)
  An adder zombie (D:5)
  7 worms
  2 dart slugs
  5 leopard geckos
  21 orcs
  4 ball pythons
  7 giant cockroaches
  13 goblins
  5 hobgoblins
  25 jackals
  12 kobolds
  4 quokkas
  2 bats (D:3)
  3 frilled lizards
  A quokka skeleton (D:4)
  5 rats
247 creatures vanquished.

Notes
Turn   | Place    | Note
-------+----------+-------------------------------------------
     0 | D:1      | TheGoonsmith the Demonspawn Berserker began the quest for the Orb.
     0 | D:1      | Reached XP level 1. HP: 18/18 MP: 1/1
   203 | D:1      | You fall through a shaft!
   255 | D:1      | Reached skill level 3 in Axes
   409 | D:1      | Gained mutation: You are partially covered in sharp spines. [demonic ancestry]
   409 | D:1      | Reached XP level 2. HP: 15/24 MP: 2/2
   775 | D:1      | Gained mutation: You have a somewhat thin skeletal structure. (Dex +2, Stealth) [demonic ancestry]
   775 | D:1      | Reached XP level 3. HP: 25/29 MP: 3/3
   896 | D:1      | Reached ** piety under Trog
  1059 | D:2      | Found a faded altar of an unknown god.
  1271 | D:2      | Reached skill level 4 in Axes
  1271 | D:2      | Reached XP level 4. HP: 27/37 MP: 4/4
  1352 | D:2      | Noticed Natasha
  1363 | D:2      | Killed Natasha
  1445 | D:2      | Noticed Terence
  1451 | D:2      | Killed Terence
  1451 | D:2      | Gained mutation: You have a moderately thin skeletal structure. (Dex +4, Stealth+) [demonic ancestry]
  1451 | D:2      | Reached XP level 5. HP: 42/42 MP: 5/5
  1774 | D:2      | Noticed Natasha
  1781 | D:2      | Killed Natasha
  1806 | D:2      | Found a deep blue altar of Sif Muna.
  1933 | D:3      | Found a shattered altar of Ashenzari.
  2111 | D:2      | Noticed Natasha
  2122 | D:2      | Killed Natasha
  2122 | D:2      | Reached skill level 5 in Axes
  2414 | D:3      | Noticed InnerFear's ghost (amateur HuGl)
  2424 | D:3      | Killed InnerFear's ghost
  2424 | D:3      | Gained mutation: You have sharp fingernails. [demonic ancestry]
  2424 | D:3      | Reached XP level 6. HP: 50/50 MP: 6/6
  3504 | D:4      | Noticed Robin
  3512 | D:4      | Reached *** piety under Trog
  3520 | D:4      | Killed Robin
  3520 | D:4      | Reached skill level 5 in Fighting
  3520 | D:4      | Reached skill level 6 in Axes
  3583 | D:4      | Reached skill level 1 in Slings
  3583 | D:4      | Reached XP level 7. HP: 56/56 MP: 7/7
  4049 | D:4      | Found an ornate altar of the Wu Jian Council.
  4248 | D:4      | You fall through a shaft!
  4248 | D:5      | Entered Level 5 of the Dungeon
  4257 | D:5      | Reached skill level 7 in Axes
  4474 | D:5      | Gained mutation: You sometimes gain a little power by taking damage. [demonic ancestry]
  4474 | D:5      | Reached XP level 8. HP: 45/62 MP: 8/8
  4704 | D:5      | Reached skill level 8 in Axes
  5016 | D:6      | Reached **** piety under Trog
  5190 | D:6      | Gained mutation: You sometimes gain power by taking damage. [demonic ancestry]
  5190 | D:6      | Reached XP level 9. HP: 68/69 MP: 9/9
  5517 | D:6      | Found a staircase to the Ecumenical Temple.
  5703 | D:7      | Received a gift from Trog
  5849 | D:7      | Found an iron altar of Okawaru.
  5887 | D:7      | Reached skill level 9 in Axes
  6406 | D:7      | Noticed Duvessa
  6407 | D:7      | Noticed Dowan
  6417 | D:7      | Killed Duvessa
  6417 | D:7      | Reached skill level 5 in Armour
  6427 | D:7      | Killed Dowan
  6740 | D:7      | Found a shadowy altar of Dithmenos.
  6806 | D:7      | Reached skill level 10 in Axes
  6828 | D:7      | Noticed Joseph
  6855 | D:7      | Killed Joseph
  7154 | D:8      | Received a gift from Trog
  7241 | D:8      | Reached XP level 10. HP: 66/76 MP: 10/10
  7376 | D:8      | Found a sacrificial altar of Ru.
  7388 | D:8      | Reached skill level 5 in Slings
  7456 | D:8      | Found Zin's Purification Station.
  7466 | D:8      | Found a glowing silver altar of Zin.
  7528 | D:8      | Found Werchoofe's Distillery.
  7545 | D:8      | Noticed a two-headed ogre
  7556 | D:8      | Killed a two-headed ogre
  7559 | D:8      | Reached ***** piety under Trog
  7891 | D:8      | Bought a potion of might for 64 gold pieces
  7891 | D:8      | Bought 2 potions of might for 128 gold pieces
  7891 | D:8      | Bought a potion of heal wounds for 80 gold pieces
  7891 | D:8      | Bought a potion of heal wounds for 80 gold pieces
  7957 | D:8      | Reached skill level 11 in Axes
  8163 | D:8      | Received a gift from Trog
  8399 | D:8      | Found a sparkling altar of Nemelex Xobeh.
  8539 | D:9      | Noticed a two-headed ogre
  8556 | D:9      | Killed a two-headed ogre
  9138 | D:9      | Noticed a two-headed ogre
  9149 | D:9      | Killed a two-headed ogre
  9414 | D:9      | Found a staircase to the Lair.
  9425 | D:9      | Gained mutation: You have very sharp fingernails. [demonic ancestry]
  9425 | D:9      | Reached XP level 11. HP: 80/83 MP: 11/11
  9982 | Lair:1   | Entered Level 1 of the Lair of Beasts
 10019 | Lair:1   | Found a frozen archway.
 10031 | IceCv    | Entered an ice cave
 10031 | IceCv    | Noticed MatthieuS's ghost (journeyman DrWn)
 10051 | IceCv    | HP: 2/124 [ice beast (13)]
 10057 | IceCv    | HP: 3/83 [ice beast (1)]
 10057 | IceCv    | Slain by an ice beast

Vault maps used:
D:1:      dpeg_arrival_short_road
D:2:      lemuel_blue_sif_altar, first_ration, chequers_ecumenical_altar_simple,
          uniq_natasha, uniq_terence
D:3:      evilmike_ruin_ashenzari
D:4:      marbit_many_paths, uniq_robin
D:5:      serial_park_tiny_1
D:6:      minmay_temple_entry_statues_fountains
D:7:      old_standard_altar, kennysheep_mini_moat, uniq_joseph, uniq_duvessa
D:8:      zin_purify, nicolae_ru_great_annihilating_truth, serial_shops,
          nicolae_shop_window_shopping, hangedman_pestilent_swarm,
          nemelex_diamond_rough_becter
D:9:      minmay_lair_entry_lava
Lair:1:   special_room, portal_ice_cave_entry_pillars_2, grunt_megastairs_3,
          infiniplex_staircase_pool_2
IceCv:    ice_cave_statue_garden_chambered

Skill      XL: |  1  2  3  4  5  6  7  8  9 10 |
---------------+-------------------------------+-----
Axes           | 3 4 5 6 7 8 10 11 | 11.5
Fighting       | 4 5 6 |  6.8
Slings         | 1 3 4 7 |  7.2
Armour         | 3 5 |  5.9
Dodging        | 3 |  3.3

Action                   |  1- 3 |  4- 6 |  7- 9 | 10-12 || total
-------------------------+-------+-------+-------+-------++-------
Melee: Hand axe          |    94 |   106 |   206 |    51 ||   457
       Battleaxe         |       |       |       |    44 ||    44
 Fire: Hunting sling     |       |    19 |   166 |   183 ||   368
Invok: Berserk           |       |     4 |     6 |     4 ||    14
       Trog's Hand       |       |     2 |     1 |     1 ||     4
       Burn Spellbooks   |       |       |     1 |     2 ||     3
  Use: Scroll            |       |       |    14 |     6 ||    20
 Stab: Sleeping          |     1 |       |       |       ||     1
  Eat: Chunk             |     1 |    11 |     9 |     5 ||    26
       Ration            |       |       |     3 |     2 ||     5
Armor: Ring mail         |    19 |     9 |       |       ||    28
       Animal skin       |     1 |       |       |       ||     1
       Chain mail        |       |    32 |   111 |    67 ||   210
Dodge: Dodged            |    49 |    35 |    88 |    74 ||   246

Table legend:
 A = Spawn XP
 B = Non-spawn XP
 C = Spawn XP percentage of total XP
 D = Spawn monster count
 E = Non-spawn monster count
 F = Spawn count percentage of total count
 G = Total turns spent on level
                    A         B        C        D         E        F      G
               +---------+---------+-------+---------+---------+-------+---------
         Total |       0 |   12550 |   0.0 |       0 |     247 |   0.0 | 10057
               +---------+---------+-------+---------+---------+-------+---------
           D:1 |       0 |      55 |   0.0 |       0 |      30 |   0.0 |  1096
           D:2 |       0 |     219 |   0.0 |       0 |      22 |   0.0 |  1343
           D:3 |       0 |     358 |   0.0 |       0 |      33 |   0.0 |  1065
           D:4 |       0 |     499 |   0.0 |       0 |      34 |   0.0 |   744
           D:5 |       0 |     724 |   0.0 |       0 |      12 |   0.0 |   726
           D:6 |       0 |     988 |   0.0 |       0 |      24 |   0.0 |   736
           D:7 |       0 |    2344 |   0.0 |       0 |      22 |   0.0 |  1439
           D:8 |       0 |    2971 |   0.0 |       0 |      36 |   0.0 |  1300
           D:9 |       0 |    3349 |   0.0 |       0 |      27 |   0.0 |  1533
        Lair:1 |       0 |     405 |   0.0 |       0 |       2 |   0.0 |    49
         IceCv |       0 |     638 |   0.0 |       0 |       5 |   0.0 |    26
               +---------+---------+-------+---------+---------+-------+---------
